 Dungeon Crawl Stone Soup version 0.31-a0-841-g038b102fc3 (webtiles) character file.

Game seed: 7467486792268906337

196 CraigForest the Shield-Bearer (level 6, -3/48 HPs)
             Began as a Formicid Fighter on Sept 27, 2023.
             Slain by Crazy Yiuf
             ... wielding a +3 quarterstaff of chaos
              (11 damage)
             ... on level 3 of the Dungeon.
             The game lasted 00:09:01 (2773 turns).

CraigForest the Shield-Bearer (Formicid Fighter)    Turns: 2773, Time: 00:09:02

Health: -3/48      AC:  8    Str: 21    XL:     6   Next: 4%
Magic:  6/6        EV: 15    Int:  7    God:
Gold:   204        SH:  0    Dex: 15    Spells: 5/5 levels left

rFire   . . .        a - +0 long sword
rCold   . . .        c - +0 buckler
rNeg    . . .        b - +0 scale mail
rPois   .            (helmet unavailable)
rElec   .            (no cloak)
rCorr   .            h - +0 pair of gloves
SInv    +            (no boots)
Will    .....        (no amulet) Stlth
                     (no ring)
HPRegen 0.28/turn    (no ring)
MPRegen 0.10/turn

%: no passive effects
@: confused, mighty, agile, ambrosia-drunk
A: permanent stasis, dig shafts and tunnels, antennae 3, four strong arms
a: Dig, Shaft Self


You were on level 3 of the Dungeon.
You visited 1 branch of the dungeon, and saw 3 of its levels.

You collected 204 gold pieces.

Inventory:

Hand Weapons
 a - a +0 long sword (weapon)
Armour
 b - a +0 scale mail (worn)
 c - a +0 buckler (worn)
 h - a +0 pair of gloves (worn)
Jewellery
 j - a ring of ice
Wands
 l - a wand of polymorph (9)
 m - a wand of charming (9)
Scrolls
 f - 3 scrolls of amnesia
 g - 3 scrolls of identify
 i - a scroll of teleportation {unknown}
 k - 2 scrolls of poison {unknown}
 o - a scroll of fear {unknown}


   Skills:
 + Level 4.0 Fighting
 + Level 4.1 Long Blades
 + Level 4.1 Armour
 + Level 1.0 Dodging
 + Level 4.9 Shields


You had 5 spell levels left.
You didn't know any spells.
Your spell library contained the following spells:

 Spells                   Type           Power      Damage    Failure   Level
 Cigotuvi's Dreadful Rot  Necr/Pois/Air  0%         N/A       92%         2
 Sublimation of Blood     Necr           0%         N/A       92%         2
 Wereblood                Tmut           0%         N/A       92%         2
 Dispel Undead            Necr           0%         3d6       100%        4
 Death Channel            Necr           0%         N/A       100%        6
 Summon Hydra             Summ           0%         N/A       100%        7


Dungeon Overview and Level Annotations

Branches:
Dungeon (3/15)

Altars:
Xom

Annotations:
D:3 Crazy Yiuf


Innate Abilities, Weirdness & Mutations

You cannot be hasted, slowed, berserked, paralysed or teleported.
You can dig through walls and to a lower floor.
You have a pair of large antennae on your head. (SInv)
Your four strong arms can wield two-handed weapons with a shield.


Message History

Crazy Yiuf hits you with a +3 quarterstaff of chaos!
Crazy Yiuf burns you.
You barely miss Crazy Yiuf.
Crazy Yiuf is heavily wounded.
Crazy Yiuf hits you but does no damage.
You are electrocuted!
You barely miss Crazy Yiuf.
Crazy Yiuf is heavily wounded.
Crazy Yiuf hits you with a +3 quarterstaff of chaos.
Crazy Yiuf burns you.
Crazy Yiuf hits you with a +3 quarterstaff of chaos.
Crazy Yiuf freezes you.
You barely miss Crazy Yiuf.
Crazy Yiuf is heavily wounded.
Crazy Yiuf cries, "Ice!"
Crazy Yiuf hits you but does no damage.
You hit Crazy Yiuf but do no damage.
Crazy Yiuf is heavily wounded.
Crazy Yiuf hits you with a +3 quarterstaff of chaos!
* * * LOW HITPOINT WARNING * * *
Crazy Yiuf freezes you.
* * * LOW HITPOINT WARNING * * *
You hit Crazy Yiuf but do no damage.
Crazy Yiuf is heavily wounded.
Crazy Yiuf hits you with a +3 quarterstaff of chaos.
* * * LOW HITPOINT WARNING * * *
You feel agile all of a sudden.
You feel better. Crazy Yiuf misses you.
You feel very mighty all of a sudden. You block Crazy Yiuf's attack.
You closely miss Crazy Yiuf.
Crazy Yiuf is moderately wounded.
Crazy Yiuf misses you.
Crazy Yiuf screams, "Rifle!
Cake rumpyflump cower."
Crazy Yiuf hits you with a +3 quarterstaff of chaos!
* * * LOW HITPOINT WARNING * * *
You are confused.
You are more confused.
You feel invigorated.
Crazy Yiuf hits you with a +3 quarterstaff of chaos!
You die...

##..######.########
#....# #.# # ♣P.PP♣
###.###### # ♣♣P.)♣
#........# # ♣♣.♣♣
####.....# ♣♣.♣
#.....# ♣)♣♣
#.....### ♣♣.♣
#..#..).. ♣@♣♣
##...#### #g# #####
... #### #).)# #..#
#)..# ##[# #####
#.# #######
######## ##.#
#...... #..)...#
##..###.####.
#.####.#
#........###.


You could see Crazy Yiuf.

Vanquished Creatures
  An orc priest (D:3)
  A sleepcap (D:3)
  Robin (D:2)
  A gnoll (D:3)
  2 adders (D:3)
  2 worms (D:3)
  3 dart slugs
  6 orcs (D:3)
  4 ball pythons
  7 endoplasms
  2 giant cockroaches
  14 goblins
  11 hobgoblins
  3 jackals (D:2)
  2 quokkas (D:1)
  9 bats
  2 frilled lizards
  4 kobolds
  3 rats (D:1)
78 creatures vanquished.

Notes
Turn   | Place    | Note
-------+----------+-------------------------------------------
     0 | D:1      | CraigForest the Formicid Fighter began the quest for the
                  | Orb.
     0 | D:1      | Reached XP level 1. HP: 18/18 MP: 1/1
   268 | D:1      | Reached XP level 2. HP: 24/24 MP: 2/2
   402 | D:1      | Reached XP level 3. HP: 13/29 MP: 3/3
   975 | D:2      | Noticed Robin
  1021 | D:2      | Reached XP level 4. HP: 27/35 MP: 4/4
  1032 | D:2      | Killed Robin
  1258 | D:2      | Found a faded altar of an unknown god.
  1641 | D:3      | Found a shimmering altar of Xom.
  1933 | D:3      | Identified the +1 scale mail of the Desolation of Salt
                  | {Drain Str+4}
  2075 | D:3      | Reached XP level 5. HP: 34/42 MP: 5/5
  2409 | D:3      | Reached XP level 6. HP: 36/47 MP: 6/6
  2567 | D:3      | Reached skill level 1 in Dodging
  2757 | D:3      | Found a runed translucent door.
  2758 | D:3      | Noticed Crazy Yiuf
  2769 | D:3      | HP: 1/48 [Crazy Yiuf/+3 quarterstaff of chaos (6)]
  2773 | D:3      | Slain by Crazy Yiuf

Illustrated notes

Levels and vault maps discovered:
D:1:      elethiomel_arrival_maze, layout_basic
D:2:      layout_rooms, ebering_ecumenical_altar_petrified, uniq_robin
D:3:      minmay_chambers_of_twos, layout_loops_cross,
          mainiacjoe_overflow_concentric_impassable, uniq_crazy_yiuf_cottage

Skill      XL: |  1  2  3  4  5  6 |
---------------+-------------------+-----
Long Blades    | 3 4 |  4.1
Armour         | 4 |  4.1
Fighting       | 4 |  4.0
Dodging        | 1 |  1.0
Shields        | |  4.9

Action                     |  1- 3 |  4- 6 || total
---------------------------+-------+-------++-------
  Melee: Long sword        |   100 |   148 ||   248
         Unarmed           |       |     2 ||     2
Ability: Dig               |       |     1 ||     1
    Use: Scroll            |       |     3 ||     3
         Potion            |       |     3 ||     3
 Armour: Scale mail        |    90 |   161 ||   251
         Skin              |       |     6 ||     6
  Dodge: Dodged            |    55 |   105 ||   160
  Block: Buckler           |    40 |    48 ||    88

Table legend: (Time is in decaauts)
 A = Elapsed time spent in this place.
 B = Non-inter-level travel time spent in this place.
 C = Inter-level travel time spent in this place.
 D = Time resting spent in this place.
 E = Time spent auto-exploring this place.
 F = Levels seen in this place.
 G = Mean time per level.
                   A        B        C        D        E       F      G
               +--------+--------+--------+--------+--------+-----+--------+
         Total |   2841 |   2650 |    191 |      0 |   2036 |   3 |  947.0 |
       Dungeon |   2841 |   2650 |    191 |      0 |   2036 |   3 |  947.0 |
               +--------+--------+--------+--------+--------+-----+--------+

Top non-repeatable levels by time:
     D:3: 1191 daAuts
     D:1: 990 daAuts
     D:2: 659 daAuts
